TOP OF THE 1ST |
Bowie Baysox batting - Pitching for Trenton Thunder : RHP Aneirin Cadwallader
|
Pitching: RHP Aneirin Cadwallader
|
|
Batting: LHB Tom Edwards
|
0-0: Called Strike 0-1: SINGLE (Line Drive, 89S, EV 93.8 MPH)
|
Batting: RHB Joe Young
|
0-0: Called Strike 0-1: Ball 1-1: Fly out, F6 (Popup, 4MS, EV 79.4 MPH)
|
Batting: RHB Muneer Maudad
|
0-0: Called Strike 0-1: Swinging Strike 0-2: Foul Ball, location: 2F 0-2: Grounds into double play, U4-3 (Groundball, 6M, EV 101.2 MPH)
|
Top of the 1st over - 0 runs, 1 hit, 0 errors, 0 left on base; Bowie 0 - Trenton 0 |
BOTTOM OF THE 1ST |
Trenton Thunder batting - Pitching for Bowie Baysox : RHP Sam Wilson
|
Pitching: RHP Sam Wilson
|
|
Batting: RHB Phil Reeves
|
0-0: Ball 1-0: Ball 2-0: Ball 3-0: Called Strike 3-1: SINGLE (Flyball, 34D, EV 86.9 MPH)
|
Batting: RHB Tim Osborn
|
0-0: Ball Pickoff Throw to First - Out! 1-3 1-0: SINGLE (Popup, 13S, EV 77.5 MPH)
|
Batting: SHB Jay Gagnon
|
0-0: Swinging Strike 0-1: Ball 1-1: Foul Ball, location: 2F 1-2: Foul Ball, location: 2F 1-2: Strikes out looking
|
Batting: RHB Sam Hubbert
|
0-0: Called Strike 0-1: Ball 1-1: Foul Ball, location: 2F 1-2: SINGLE (Groundball, 34D, EV 100.6 MPH) Tim Osborn to second Runner from 2nd tries for 3rd, OUT! 9-5
|
Bottom of the 1st over - 0 runs, 3 hits, 0 errors, 1 left on base; Bowie 0 - Trenton 0 |
TOP OF THE 2ND |
Bowie Baysox batting - Pitching for Trenton Thunder : RHP Aneirin Cadwallader
|
Batting: LHB Justin Moore
|
0-0: Called Strike 0-1: Ball 1-1: Ball 2-1: Foul Ball, location: 2F 2-2: Strikes out swinging
|
Batting: RHB Travis Leonard
|
0-0: Ball 1-0: Called Strike 1-1: Called Strike 1-2: Ball 2-2: Strikes out swinging
|
Batting: LHB Andrew Erens
|
0-0: Called Strike 0-1: Swinging Strike 0-2: Strikes out swinging
|
Top of the 2nd over - 0 runs, 0 hits, 0 errors, 0 left on base; Bowie 0 - Trenton 0 |
BOTTOM OF THE 2ND |
Trenton Thunder batting - Pitching for Bowie Baysox : RHP Sam Wilson
|
Batting: RHB Greg Harden
|
0-0: Ball 1-0: Swinging Strike 1-1: Foul Ball, location: 2F 1-2: Strikes out looking
|
Batting: SHB Houston Phillips
|
0-0: Ball 1-0: Fly out, F9 (Flyball, 9, EV 95.0 MPH)
|
Batting: RHB Christian Shearer
|
0-0: Ball 1-0: Ball 2-0: Called Strike 2-1: Foul Ball, location: 2F 2-2: Foul Ball, location: 2F 2-2: Strikes out swinging
|
Bottom of the 2nd over - 0 runs, 0 hits, 0 errors, 0 left on base; Bowie 0 - Trenton 0 |
TOP OF THE 3RD |
Bowie Baysox batting - Pitching for Trenton Thunder : RHP Aneirin Cadwallader
|
Batting: RHB John Gray
|
0-0: Foul Ball, location: 2F 0-1: Fly out, F7 (Flyball, 7S, EV 91.9 MPH)
|
Batting: RHB Jeremy Sipe
|
0-0: Called Strike 0-1: Ball 1-1: Ground out 6-3 (Groundball, 6, EV 84.4 MPH)
|
Batting: RHB Ray Sims
|
0-0: Foul Ball, location: 2F 0-1: Ground out 6-3 (Groundball, 6, EV 84.4 MPH)
|
Top of the 3rd over - 0 runs, 0 hits, 0 errors, 0 left on base; Bowie 0 - Trenton 0 |
BOTTOM OF THE 3RD |
Trenton Thunder batting - Pitching for Bowie Baysox : RHP Sam Wilson
|
Batting: SHB David Stewart
|
0-0: Ball 1-0: Ball 2-0: Called Strike 2-1: Foul Ball, location: 2F 2-2: Ground out 4-3 (Groundball, 4, EV 102.5 MPH)
|
Batting: RHB Nazeeh Zubair
|
0-0: Ball 1-0: Ball 2-0: Called Strike 2-1: Ball 3-1: Called Strike 3-2: Ground out 6-3 (Groundball, 6, EV 86.2 MPH)
|
Batting: RHB Phil Reeves
|
0-0: Called Strike 0-1: Ball 1-1: Foul Ball, location: 2F 1-2: Ball 2-2: Ball 3-2: Fly out, F4 (Popup, 34S, EV 81.9 MPH)
|
Bottom of the 3rd over - 0 runs, 0 hits, 0 errors, 0 left on base; Bowie 0 - Trenton 0 |
TOP OF THE 4TH |
Bowie Baysox batting - Pitching for Trenton Thunder : RHP Aneirin Cadwallader
|
Batting: LHB Tom Edwards
|
0-0: Fly out, F7 (Flyball, 7, EV 92.5 MPH)
|
Batting: RHB Joe Young
|
0-0: Called Strike 0-1: Ground out 1-3 (Groundball, 13S, EV 68.1 MPH)
|
Batting: RHB Muneer Maudad
|
0-0: Fly out, F7 (Line Drive, 7, EV 98.1 MPH)
|
Top of the 4th over - 0 runs, 0 hits, 0 errors, 0 left on base; Bowie 0 - Trenton 0 |
BOTTOM OF THE 4TH |
Trenton Thunder batting - Pitching for Bowie Baysox : RHP Sam Wilson
|
Batting: RHB Tim Osborn
|
0-0: Called Strike 0-1: Fly out, F7 (Flyball, 7D, EV 105.6 MPH)
|
Batting: SHB Jay Gagnon
|
0-0: Foul Ball, location: 2F 0-1: SINGLE (Groundball, 6S, EV 71.2 MPH) (infield hit)
|
Batting: RHB Sam Hubbert
|
0-0: Ball 1-0: Ball Jay Gagnon steals 2nd base 2-0: Swinging Strike 2-1: Foul Ball, location: 2F 2-2: Foul Ball, location: 2F 2-2: Ball 3-2: Foul Ball, location: 2F 3-2: Foul Ball, location: 2F 3-2: Ground out 5-3 (Groundball, 5, EV 101.9 MPH)
|
Batting: RHB Greg Harden
|
0-0: Called Strike 0-1: Reached on error, E2 (Groundball, 13S, EV 74.4 MPH) Jay Gagnon scores
|
Batting: SHB Houston Phillips
|
0-0: Swinging Strike 0-1: Ball 1-1: Ball 2-1: Foul Ball, location: 2F 2-2: Foul Ball, location: 2F 2-2: Strikes out swinging
|
Bottom of the 4th over - 1 run, 1 hit, 1 error, 1 left on base; Bowie 0 - Trenton 1 |
TOP OF THE 5TH |
Bowie Baysox batting - Pitching for Trenton Thunder : RHP Aneirin Cadwallader
|
Batting: LHB Justin Moore
|
0-0: Called Strike 0-1: Ball 1-1: Swinging Strike 1-2: Strikes out swinging
|
Batting: RHB Travis Leonard
|
0-0: Ground out 6-3 (Groundball, 6, EV 86.2 MPH)
|
Batting: LHB Andrew Erens
|
0-0: Ball 1-0: Called Strike 1-1: Ball 2-1: Ground out 4-3 (Groundball, 4, EV 85.0 MPH)
|
Top of the 5th over - 0 runs, 0 hits, 0 errors, 0 left on base; Bowie 0 - Trenton 1 |
BOTTOM OF THE 5TH |
Trenton Thunder batting - Pitching for Bowie Baysox : RHP Sam Wilson
|
Batting: RHB Christian Shearer
|
0-0: Ball 1-0: Foul Ball, location: 2F 1-1: Foul Ball, location: 2F 1-2: Ball 2-2: Foul Ball, location: 2F 2-2: Strikes out looking
|
Batting: SHB David Stewart
|
0-0: Ball 1-0: Ball 2-0: Fly out, F9 (Flyball, 89S, EV 90.6 MPH)
|
Batting: RHB Nazeeh Zubair
|
0-0: Called Strike 0-1: Called Strike 0-2: Ball 1-2: Ball 2-2: DOUBLE (Line Drive, 7LS, EV 112.5 MPH)
|
Batting: RHB Phil Reeves
|
0-0: Ball 1-0: Ball 2-0: Ground out 6-3 (Groundball, 56, EV 91.2 MPH)
|
Bottom of the 5th over - 0 runs, 1 hit, 0 errors, 1 left on base; Bowie 0 - Trenton 1 |
TOP OF THE 6TH |
Bowie Baysox batting - Pitching for Trenton Thunder : RHP Aneirin Cadwallader
|
Batting: RHB John Gray
|
0-0: Ball 1-0: Foul Ball, location: 2F 1-1: Foul Ball, location: 2F 1-2: Ball 2-2: Ball 3-2: SINGLE (Groundball, 34D, EV 104.4 MPH)
|
Batting: RHB Jeremy Sipe
|
0-0: Ball 1-0: Called Strike 1-1: Grounds into double play, 6-4-3 (Groundball, 6, EV 83.1 MPH)
|
Batting: RHB Ray Sims
|
0-0: Swinging Strike 0-1: Ball 1-1: Fly out, F8 (Line Drive, 89D, EV 96.2 MPH)
|
Top of the 6th over - 0 runs, 1 hit, 0 errors, 0 left on base; Bowie 0 - Trenton 1 |
BOTTOM OF THE 6TH |
Trenton Thunder batting - Pitching for Bowie Baysox : RHP Sam Wilson
|
Batting: RHB Tim Osborn
|
0-0: Foul Ball, location: 2F 0-1: Ball 1-1: Ball 2-1: Fly out, F9 (Line Drive, 9S, EV 91.2 MPH)
|
Batting: SHB Jay Gagnon
|
0-0: Ball 1-0: Ball 2-0: Swinging Strike 2-1: Foul Ball, location: 2F 2-2: Fly out, F7 (Flyball, 7LM, EV 90.0 MPH)
|
Batting: RHB Sam Hubbert
|
0-0: Foul Ball, location: 2F 0-1: Fly out, F5 (Popup, 5S, EV 73.8 MPH)
|
Bottom of the 6th over - 0 runs, 0 hits, 0 errors, 0 left on base; Bowie 0 - Trenton 1 |
TOP OF THE 7TH |
Bowie Baysox batting - Pitching for Trenton Thunder : RHP Aneirin Cadwallader
|
Batting: LHB Tom Edwards
|
0-0: Ball 1-0: Ground out 4-3 (Groundball, 4, EV 83.1 MPH)
|
Batting: RHB Joe Young
|
0-0: Fly out, F7 (Flyball, 7, EV 89.4 MPH)
|
Batting: RHB Muneer Maudad
|
0-0: Ball 1-0: SOLO HOME RUN (Flyball, 7D, EV 101.9 MPH), Distance : 407 ft
|
Batting: LHB Justin Moore
|
0-0: Ball 1-0: Called Strike 1-1: Ball 2-1: Ball 3-1: SINGLE (Flyball, 34D, EV 97.5 MPH)
|
Batting: RHB Travis Leonard
|
0-0: Foul Ball, location: 2F 0-1: SINGLE (Groundball, 34D, EV 94.4 MPH) Justin Moore to second Runner from 2nd tries for 3rd, SAFE, throw by RF made to third
|
Batting: LHB Andrew Erens
|
0-0: Ball 1-0: Fly out, F9 (Flyball, 9D, EV 85.0 MPH)
|
Top of the 7th over - 1 run, 3 hits, 0 errors, 2 left on base; Bowie 1 - Trenton 1 |
BOTTOM OF THE 7TH |
Trenton Thunder batting - Pitching for Bowie Baysox : RHP Sam Wilson
|
Pitching: RHP Mike Brubaker
|
|
Batting: RHB Greg Harden
|
0-0: Ball 1-0: Foul Ball, location: 2F 1-1: Ground out 4-3 (Groundball, 4MD, EV 81.2 MPH)
|
Batting: SHB Houston Phillips
|
0-0: Called Strike 0-1: Ground out 4-3 (Groundball, 4D, EV 101.2 MPH)
|
Batting: RHB Christian Shearer
|
0-0: Called Strike 0-1: Foul Ball, location: 2F 0-2: Strikes out swinging
|
Bottom of the 7th over - 0 runs, 0 hits, 0 errors, 0 left on base; Bowie 1 - Trenton 1 |
TOP OF THE 8TH |
Bowie Baysox batting - Pitching for Trenton Thunder : RHP Aneirin Cadwallader
|
Batting: RHB John Gray
|
0-0: Ball 1-0: Fly out, F9 (Line Drive, 9S, EV 93.1 MPH)
|
Batting: RHB Jeremy Sipe
|
0-0: Ball 1-0: Swinging Strike 1-1: Fly out, F9 (Flyball, 9, EV 83.1 MPH)
|
Batting: RHB Ray Sims
|
0-0: Ball 1-0: Foul Ball, location: 2F 1-1: Ball 2-1: Ground out 6-3 (Groundball, 6M, EV 100.6 MPH)
|
Top of the 8th over - 0 runs, 0 hits, 0 errors, 0 left on base; Bowie 1 - Trenton 1 |
BOTTOM OF THE 8TH |
Trenton Thunder batting - Pitching for Bowie Baysox : RHP Mike Brubaker
|
Batting: SHB David Stewart
|
0-0: Ball 1-0: Ball 2-0: Ball 3-0: Called Strike 3-1: Swinging Strike 3-2: Strikes out swinging
|
Pinch Hitting: LHB Jared Zulkowski
|
0-0: Foul Ball, location: 2F 0-1: Ball 1-1: Ball 2-1: Foul Ball, location: 2F 2-2: Strikes out swinging
|
Batting: RHB Phil Reeves
|
0-0: Ball 1-0: Ball 2-0: Called Strike 2-1: Swinging Strike 2-2: Strikes out swinging
|
Bottom of the 8th over - 0 runs, 0 hits, 0 errors, 0 left on base; Bowie 1 - Trenton 1 |
TOP OF THE 9TH |
Bowie Baysox batting - Pitching for Trenton Thunder : RHP Aneirin Cadwallader
|
Now at C: Jared Zulkowski
|
|
Batting: LHB Tom Edwards
|
0-0: Ball 1-0: Called Strike 1-1: Foul Ball, location: 2F 1-2: Ball 2-2: Ball 3-2: Strikes out swinging
|
Pitching: RHP Antonio Castillo
|
|
Batting: RHB Joe Young
|
0-0: Called Strike 0-1: Ball 1-1: Swinging Strike 1-2: Strikes out swinging
|
Batting: RHB Muneer Maudad
|
0-0: Swinging Strike 0-1: Ball 1-1: Ball 2-1: Ball 3-1: Base on Balls
|
Batting: LHB Justin Moore
|
0-0: Ball 1-0: Called Strike 1-1: Fly out, F9 (Flyball, 9LM, EV 106.9 MPH)
|
Top of the 9th over - 0 runs, 0 hits, 0 errors, 1 left on base; Bowie 1 - Trenton 1 |
BOTTOM OF THE 9TH |
Trenton Thunder batting - Pitching for Bowie Baysox : RHP Mike Brubaker
|
Pitching: RHP Corey Rizzuto
|
|
Batting: RHB Tim Osborn
|
0-0: Called Strike 0-1: Ball 1-1: Fly out, F9 (Flyball, 9, EV 78.8 MPH)
|
Batting: SHB Jay Gagnon
|
0-0: Ball 1-0: Foul Ball, location: 2F 1-1: Ball 2-1: Foul Ball, location: 2F 2-2: Ball 3-2: Foul Ball, location: 2F 3-2: DOUBLE (Line Drive, 89D, EV 106.9 MPH)
|
Batting: RHB Sam Hubbert
|
0-0: Ball 1-0: Ball 2-0: Called Strike 2-1: DOUBLE (Line Drive, 7LM, EV 108.1 MPH) Jay Gagnon scores
|
Bottom of the 9th over - 1 run, 2 hits, 0 errors, 1 left on base; Bowie 1 - Trenton 2 |
|